 Dungeon Crawl Stone Soup version 0.24-a0-504-gcfb02b9 (webtiles) character file.

Game seed: 8095454390054190070

7946 sighowe the Cleaver (level 11, -6/93 HPs)
             Began as a Demonspawn Berserker on July 18, 2019.
             Was a High Priest of Trog.
             Mangled by an orc warrior
             ... wielding a +0 mace
             ... led by an orc knight
              (13 damage)
             ... on level 1 of the Orcish Mines.
             The game lasted 00:30:32 (10954 turns).

sighowe the Cleaver (Demonspawn Berserker)         Turns: 10954, Time: 00:30:33

Health: -6/93      AC: 12    Str: 21    XL:     11   Next: 3%
Magic:  11/11      EV: 16    Int:  9    God:    Trog [*****.]
Gold:   244        SH:  0    Dex: 14    Spells: 10/10 levels left

rFire    + + .     SeeInvis +   H - +4 battleaxe
rCold    . . .     Gourm    .   (shield currently unavailable)
rNeg     . . .     Faith    .   K - +3 leather armour {rF+}
rPois    .         Spirit   .   (helmet restricted)
rElec    .         Reflect  .   J - +1 cloak {MR+}
rCorr    .         Harm     .   s - +0 pair of gloves
MR       +....     Rnd*Rage +   (no boots)
Stlth    +++.......             E - amulet of the acrobat
HPRegen  0.25/turn              f - ring of protection from fire
MPRegen  0.12/turn              t - +1 ring of evasion

@: berserk cooldown, slowed, very slow
A: horns 1, rugged brown scales 3, see invisible, agile 1, berserk 1, spiny 1
a: Berserk, Trog's Hand, Brothers in Arms, Renounce Religion


You were on level 1 of the Orcish Mines.
You worshipped Trog.
Trog was extremely pleased with you.
You were not hungry.

You visited 2 branches of the dungeon, and saw 10 of its levels.
You visited the Abyss 1 time.
You also visited: Ossuary.

You collected 649 gold pieces.
You spent 405 gold pieces at shops.

Inventory:

Hand Weapons
 a - a cursed -2 quarterstaff
 H - a +4 battleaxe (weapon)
Missiles
 d - 3 javelins (quivered)
 g - 172 stones
 y - a throwing net
Armour
 s - a +0 pair of gloves (worn)
 J - a +1 cloak of magic resistance (worn)
 K - a +3 leather armour of fire resistance (worn)
Magical Staves
 N - an uncursed staff of fire
Jewellery
 f - a ring of protection from fire (left hand)
 k - a cursed ring of attention {unknown}
 t - a +1 ring of evasion (right hand)
 u - an uncursed amulet of regeneration
 E - an amulet of the acrobat (around neck)
Wands
 c - a wand of disintegration (11)
 j - a wand of paralysis (6)
 m - a wand of polymorph (12)
 n - a wand of random effects (22)
 A - a wand of iceblast (7)
Scrolls
 e - 10 scrolls of remove curse
 h - 3 scrolls of fear
 i - 2 scrolls of enchant armour
 l - 7 scrolls of identify
 o - 3 scrolls of enchant weapon
 r - 3 scrolls of teleportation
 G - 2 scrolls of holy word
 I - a scroll of fog {unknown}
 M - a scroll of amnesia {unknown}
Potions
 p - 2 potions of magic
 q - 5 potions of agility
 v - 2 potions of ambrosia
 w - 2 potions of flight
 x - a potion of curing
 z - a potion of might
 B - a potion of heal wounds
 D - a potion of cancellation
 F - 2 potions of resistance
 L - a potion of brilliance
Miscellaneous
 b - a lamp of fire
Comestibles
 C - 9 rations


   Skills:
 + Level 8.4 Fighting
 + Level 11.2 Axes
 + Level 0.4 Throwing
 + Level 2.7 Armour
 + Level 6.3 Dodging
 + Level 6.0 Stealth


You had 10 spell levels left.
You didn't know any spells.
Your spell library contained the following spells:

 Spells                   Type           Power        Failure   Level  Hunger
 Magic Dart               Conj           #...         43%         1    ##.....
 Sandblast                Erth           #.....       43%         1    ##.....
 Blink                    Tloc           N/A          56%         2    ###....
 Call Imp                 Summ           #.......     56%         2    ###....
 Passwall                 Tmut/Erth      #.......     56%         2    ###....
 Slow                     Hex            #.......     56%         2    ###....
 Conjure Flame            Conj/Fire      #.......     80%         3    ####...
 Mephitic Cloud           Conj/Pois/Air  #.......     80%         3    ####...
 Stone Arrow              Conj/Erth      #.....       80%         3    ####...
 Petrify                  Tmut/Erth      #.......     99%         4    #####..
 Lee's Rapid Deconstruct  Erth           #.........   100%        5    ######.


Dungeon Overview and Level Annotations

Branches:
Dungeon (9/15)             Temple (0/1) D:7            Lair (0/6) D:8
    Orc (1/2) D:9

Altars:
Ashenzari
Cheibriados
Dithmenos
Elyvilon
Hepliaklqana
Kikubaaqudgha
Okawaru
Sif Muna
Trog
Vehumet
Zin
Beogh

Shops:
D:7 *   D:8 [


Innate Abilities, Weirdness & Mutations

You have a pair of small horns on your head.
You are completely covered in rugged brown scales. (AC +3, +7% HP)
You are partially covered in sharp spines.
You have supernaturally acute eyesight. (SInv)
You are agile. (Dex +2)
You tend to lose your temper in combat.


Message History

Trog accepts your kill.
You have reached level 11!
You hit the rust devil but do no damage.
You slash the orc warrior! The rust devil completely misses you.
The orc warrior misses you. The orc warrior completely misses you.
Things that are here:
a +0 war axe; a +0 plate armour You are too berserk!
You feel a strong urge to attack something.
You are no longer berserk.
You are exhausted.
You feel yourself slow down.
The orc priest miscasts a cantrip.
You feel much better.
The orc priest invokes the aid of Beogh against you.
Beogh smites you!
* * * LOW HITPOINT WARNING * * *
The orc warrior hits you with a +0 mace!
You die...

## ##. ### ##..
##.## #...# #...##
#....####..#.##
#...@#.......#
###o4...)<...##.#
#..o...[........
#.....oo..))........
##.......o..........
#....#.$.......#...$
##..........$.......
#.$................
#...$...##........#


You could see a rust devil, an orc sorcerer, 2 orc warriors, an orc priest and
an orc.

Vanquished Creatures
  A two-headed ogre (D:9)
  An orc knight (Orc:1)
  Grinder (D:6)
  3 hippogriffs
  A wyvern (D:8)
  A human (D:7)
  2 yaks (D:7)
  2 hogs (D:7)
  2 hungry ghosts
  A warg (Orc:1)
  A soldier ant (D:7)
  Duvessa (D:7)
  2 sky beasts
  5 orc warriors
  A black bear (D:8)
  An eye of draining (D:9)
  2 phantoms
  5 ogres
  A centaur (D:9)
  2 big kobolds (D:9)
  Blork the orc (D:5)
  6 bullfrogs
  A wyvern zombie (D:9)
  A gnoll sergeant (D:7)
  Dowan (D:7)
  A water moccasin zombie (D:8)
  A scorpion (D:4)
  6 killer bees (D:7)
  8 wights
  2 howler monkeys
  6 crimson imps
  6 hounds
  4 centaur zombies
  3 jellies
  9 orc wizards
  7 orc priests
  An iguana (D:5)
  5 worker ants
  A killer bee zombie (D:9)
  2 ogre zombies (Ossuary)
  A big kobold zombie (Ossuary)
  7 mummies (Ossuary)
  Robin (D:4)
  A howler monkey skeleton (D:6)
  A worker ant zombie (D:6)
  8 gnolls
  7 adders
  A shadow imp (D:5)
  2 oozes
  2 adder skeletons
  6 adder zombies
  3 worms
  2 dart slugs (D:1)
  5 leopard geckos
  31 orcs
  3 ball pythons (D:1)
  6 giant cockroaches
  18 goblins
  10 hobgoblins
  15 jackals
  7 quokkas
  7 bats
  11 frilled lizards
  3 goblin zombies (Ossuary)
  4 hobgoblin zombies (Ossuary)
  A jackal skeleton (D:5)
  17 kobolds
  5 kobold zombies (Ossuary)
  2 orc zombies (Ossuary)
  A quokka zombie (Ossuary)
  7 rats
  4 rat zombies (Ossuary)
307 creatures vanquished.

Notes
Turn   | Place    | Note
-------+----------+-------------------------------------------
     0 | D:1      | sighowe the Demonspawn Berserker began the quest for the
                  | Orb.
     0 | D:1      | Reached XP level 1. HP: 18/18 MP: 1/1
   152 | D:1      | Gained mutation: You have a pair of small horns on your
                  | head. [demonic ancestry]
   152 | D:1      | Reached XP level 2. HP: 13/24 MP: 2/2
   153 | D:1      | Reached skill level 3 in Axes
   791 | D:1      | Reached ** piety under Trog
   791 | D:1      | Reached XP level 3. HP: 28/29 MP: 3/3
  1535 | D:2      | You fall into a shaft and drop 2 floors!
  1540 | D:4      | Gained mutation: You are partially covered in rugged brown
                  | scales. (AC +1, +3% HP) [demonic ancestry]
  1540 | D:4      | Reached XP level 4. HP: 38/38 MP: 4/4
  1733 | D:3      | Found a shadowy altar of Dithmenos.
  1764 | D:3      | Found a deep blue altar of Sif Muna.
  1885 | D:3      | Reached skill level 4 in Axes
  1987 | D:3      | Reached skill level 1 in Stealth
  1987 | D:3      | Gained mutation: You are mostly covered in rugged brown
                  | scales. (AC +2, +5% HP) [demonic ancestry]
  1987 | D:3      | Reached XP level 5. HP: 21/44 MP: 5/5
  2481 | D:2      | You fall into a shaft and drop 1 floor!
  3071 | D:3      | Reached *** piety under Trog
  3081 | D:3      | Gained mutation: You are partially covered in sharp spines.
                  | [demonic ancestry]
  3081 | D:3      | Reached XP level 6. HP: 50/50 MP: 6/6
  3362 | D:4      | Noticed Robin
  3382 | D:4      | Cast into level 1 of the Abyss (Robin)
  3441 | Abyss:1  | Noticed a starcursed mass
  3470 | D:4      | Escaped the Abyss
  3490 | D:5      | Entered Level 5 of the Dungeon
  4114 | D:4      | Reached skill level 5 in Axes
  4183 | D:4      | Killed Robin
  4386 | D:4      | Reached XP level 7. HP: 34/57 MP: 7/7
  4514 | D:4      | Found a hazy altar of Hepliaklqana.
  5131 | D:5      | Reached skill level 6 in Axes
  5274 | D:5      | Found a white marble altar of Elyvilon.
  5758 | D:5      | Noticed Blork the orc
  5774 | D:5      | Reached skill level 5 in Fighting
  5777 | D:5      | Killed Blork the orc
  5777 | D:5      | Reached XP level 8. HP: 14/65 MP: 8/8
  6127 | D:5      | Found an iron altar of Okawaru.
  6402 | D:6      | Found a sand-covered staircase.
  6411 | Ossuary  | Entered an ossuary
  6534 | Ossuary  | Reached **** piety under Trog
  6534 | Ossuary  | Reached skill level 7 in Axes
  6896 | Ossuary  | Paralysed by fainting for 11 turns
  7539 | D:6      | Found an ancient bone altar of Kikubaaqudgha.
  7614 | D:6      | Noticed Grinder
  7628 | D:6      | Killed Grinder
  7628 | D:6      | Reached skill level 8 in Axes
  7628 | D:6      | Reached XP level 9. HP: 57/72 MP: 9/9
  7789 | D:7      | Noticed Dowan
  7790 | D:7      | Noticed Duvessa
  7804 | D:7      | Killed Duvessa
  7804 | D:7      | Killed Dowan
  7804 | D:7      | Reached skill level 5 in Stealth
  7815 | D:7      | HP: 3/72 [acid (11)]
  8179 | D:7      | Found a snail-covered altar of Cheibriados.
  8180 | D:7      | Found a shattered altar of Ashenzari.
  8182 | D:7      | Found a shadowy altar of Dithmenos.
  8183 | D:7      | Found a bloodstained altar of Trog.
  8184 | D:7      | Found a glowing silver altar of Zin.
  8184 | D:7      | Found a radiant altar of Vehumet.
  8266 | D:7      | Found a staircase to the Ecumenical Temple.
  8277 | D:7      | Reached skill level 9 in Axes
  8595 | D:7      | Found Vojitz's General Store.
  8609 | D:7      | Bought a ration for 55 gold pieces
  8789 | D:7      | Gained mutation: Your spells are a little easier to cast,
                  | but a little less powerful. [potion of mutation]
  8789 | D:7      | Gained mutation: You are covered in fur. (AC +1) [potion of
                  | mutation]
  8789 | D:7      | Gained mutation: You are completely covered in rugged brown
                  | scales. (AC +3, +7% HP) [potion of mutation]
  8789 | D:7      | Gained mutation: You passively map a small area around you.
                  | [potion of mutation]
  8791 | D:7      | Lost mutation: Your spells are a little easier to cast, but
                  | a little less powerful. [potion of mutation]
  8791 | D:7      | Lost mutation: You passively map a small area around you.
                  | [potion of mutation]
  8791 | D:7      | Gained mutation: You possess an exceptional clarity of
                  | mind. [potion of mutation]
  8791 | D:7      | Gained mutation: You are robust. (+10% HP) [potion of
                  | mutation]
  8792 | D:7      | Lost mutation: You possess an exceptional clarity of mind.
                  | [potion of mutation]
  8792 | D:7      | Lost mutation: You are robust. (+10% HP) [potion of
                  | mutation]
  8792 | D:7      | Gained mutation: You are frail. (-10% HP) [potion of
                  | mutation]
  8792 | D:7      | Gained mutation: You possess an exceptional clarity of
                  | mind. [potion of mutation]
  8792 | D:7      | Gained mutation: Your spells are a little harder to cast,
                  | but a little more powerful. [potion of mutation]
  8793 | D:7      | Lost mutation: Your spells are a little harder to cast, but
                  | a little more powerful. [potion of mutation]
  8793 | D:7      | Lost mutation: You are frail. (-10% HP) [potion of
                  | mutation]
  8793 | D:7      | Lost mutation: You are covered in fur. (AC +1) [potion of
                  | mutation]
  8793 | D:7      | Lost mutation: You possess an exceptional clarity of mind.
                  | [potion of mutation]
  8793 | D:7      | Gained mutation: You tend to lose your temper in combat.
                  | [potion of mutation]
  8793 | D:7      | Gained mutation: You are agile. (Dex +2) [potion of
                  | mutation]
  8793 | D:7      | Gained mutation: You have supernaturally acute eyesight.
                  | (SInv) [potion of mutation]
  8828 | D:7      | Reached skill level 5 in Dodging
  9241 | D:7      | Reached ***** piety under Trog
  9244 | D:7      | Reached XP level 10. HP: 62/84 MP: 10/10
  9540 | D:8      | Found a staircase to the Lair.
  9663 | D:8      | Reached skill level 10 in Axes
  9905 | D:8      | Found Fujuuhoi's Antique Armour Shoppe.
  9967 | D:8      | Bought a glowing cloak for 210 gold pieces
  9967 | D:8      | Bought a dyed leather armour for 140 gold pieces
 10348 | D:9      | Noticed a two-headed ogre
 10361 | D:9      | Killed a two-headed ogre
 10699 | D:9      | Found a staircase to the Orcish Mines.
 10717 | D:9      | Found a roughly hewn altar of Beogh.
 10721 | D:9      | Reached skill level 11 in Axes
 10754 | Orc:1    | Entered Level 1 of the Orcish Mines
 10938 | Orc:1    | Noticed an orc knight
 10941 | Orc:1    | Noticed an orc sorcerer
 10943 | Orc:1    | Noticed a rust devil
 10950 | Orc:1    | HP: 1/129 [orc priest/divine providence (12)]
 10951 | Orc:1    | Killed an orc knight
 10951 | Orc:1    | Reached XP level 11. HP: 1/93 MP: 11/11
 10954 | Orc:1    | Mangled by an orc warrior

Levels and vault maps discovered:
D:1:      scummos_arrival_checkerplants, layout_loops_corners, minmay_cut_off
D:2:      minmay_evil_eye, layout_basic, minmay_lizard_pond
D:3:      layout_loops_cross, nicolae_overflow_crystal_walls,
          grunt_dithmenos_smoke
D:4:      layout_loops_cross, overflow_temple_1_default, first_ration,
          uniq_robin
D:5:      layout_basic, elyvilon_altar_5, kennysheep_mini_moat,
          minmay_misc_feat_square, uniq_blork_the_orc
D:6:      layout_rooms, nicolae_ossuary_entry_ruins, basic_altar, uniq_grinder
D:7:      layout_basic, grunt_temple_overflow_open,
          minmay_temple_entry_nine_rooms, serial_shops, shop_fountains,
          grunt_livestock, minmay_parallelograms, minivault_10, uniq_duvessa
D:8:      layout_rooms, nicolae_overflow_hidden_temple, lair_entry_dummy,
          serial_shops, shop
D:9:      layout_basic, marbit_many_paths, minmay_orc_entry_temple_small,
          minmay_stone_trees_medium, ebering_dispersal_statue_hall
Orc:1:    layout_caves, special_room [special_room_orc], elves_outpost_lemuel

Skill      XL: |  1  2  3  4  5  6  7  8  9 10 |
---------------+-------------------------------+-----
Axes           | 3 4 5 6 8 9 11 | 11.2
Dodging        | 2 3 4 5 6 |  6.3
Stealth        | 1 2 3 4 5 6 |  6.0
Fighting       | 4 5 7 8 |  8.4
Armour         | 2 |  2.7
Throwing       | |  0.4

Action                   |  1- 3 |  4- 6 |  7- 9 | 10-12 || total
-------------------------+-------+-------+-------+-------++-------
Melee: Hand axe          |    99 |   138 |   330 |    75 ||   642
       Headbutt          |    12 |    17 |    71 |    38 ||   138
       Battleaxe         |       |       |       |    88 ||    88
Throw: Javelin           |     3 |       |     2 |       ||     5
Invok: Berserk           |     1 |     9 |     8 |     7 ||    25
       Trog's Hand       |       |     3 |     1 |       ||     4
  Use: Scroll            |       |     4 |     6 |     1 ||    11
       Potion            |       |     7 |    10 |     1 ||    18
 Stab: Sleeping          |       |     2 |    19 |     2 ||    23
       Distracted        |       |       |       |     1 ||     1
  Eat: Ration            |     1 |     3 |     5 |     3 ||    12
       Chunk             |       |     9 |     6 |     4 ||    19
Armor: Animal skin       |    30 |    28 |    46 |    18 ||   122
       Leather armour    |       |       |       |    30 ||    30
Dodge: Dodged            |    74 |   102 |   184 |   156 ||   516

Table legend:
 A = Non-vault XP
 B = Vault XP
 C = Vault XP percentage of total XP
 D = Non-vault monster count
 E = Vault monster count
 F = Vault count percentage of total count
                 A         B        C        D         E       F
            +---------+---------+-------+---------+---------+-------
      Total |    8991 |    2361 |  20.8 |     225 |      82 |  26.7
            +---------+---------+-------+---------+---------+-------
        D:1 |      44 |       7 |  13.7 |      27 |       4 |  12.9
        D:2 |      17 |      53 |  75.7 |       8 |      11 |  57.9
        D:3 |     175 |       0 |   0.0 |      27 |       0 |   0.0
        D:4 |     618 |      35 |   5.4 |      23 |      11 |  32.4
        D:5 |     497 |      99 |  16.6 |      13 |       1 |   7.1
        D:6 |     629 |     277 |  30.6 |      18 |       1 |   5.3
        D:7 |    2020 |    1226 |  37.8 |      34 |       7 |  17.1
        D:8 |    1628 |       0 |   0.0 |      23 |       0 |   0.0
        D:9 |    2526 |     273 |   9.8 |      43 |      10 |  18.9
      Orc:1 |     837 |       0 |   0.0 |       9 |       0 |   0.0
    Ossuary |       0 |     391 | 100.0 |       0 |      37 | 100.0
            +---------+---------+-------+---------+---------+-------
